 Dungeon Crawl Stone Soup version 0.30-a0-702-gdf48620a09 (webtiles) character file.

Game seed: 2710436085713249903

6230 tilp the Meteoran-At-Arms (level 11, -9/94 HPs)
             Began as a Meteoran Fighter on Jan 21, 2023.
             Was a Believer of Okawaru.
             Mangled by a sun demon (22 damage)
             ... summoned by a kobold demonologist
             ... on level 10 of the Dungeon.
             The game lasted 00:21:40 (4588 turns).

tilp the Meteoran-At-Arms (Meteoran Fighter)        Turns: 4588, Time: 00:21:41

Health: -9/94      AC: 14    Str: 18    XL:     11   Next: 36%
Magic:  18/18      EV: 10    Int:  9    God:    Okawaru [**....]
Gold:   339        SH: 10    Dex: 19    Spells: 10/10 levels left

rFire   . . .      SeeInvis .    a - +4 falchion (freeze)
rCold   . . .      Faith    .    A - +0 kite shield
rNeg    . . .      Spirit   .    B - +0 chain mail
rPois   .          Reflect  .    t - +0 helmet
rElec   .          Harm     .    D - +0 cloak
rCorr   .          Rampage  .    u - +0 pair of gloves
Will    +....                    (no boots) Stlth
                                 (no amulet)
HPRegen 0.35/turn                j - +4 ring of protection
MPRegen 0.16/turn                (no ring)

@: corroded, glowing, studying Shields
A: sense surroundings 2, otherworldly, glowing, explore regen
a: Renounce Religion, Heroism


You were on level 10 of the Dungeon.
You worshipped Okawaru.
Okawaru was pleased with you.
You visited 2 branches of the dungeon, and saw 12 of its levels.
You also visited: Bailey.

You collected 531 gold pieces.
You spent 192 gold pieces at shops.

Inventory:

Hand Weapons
 a - a +4 falchion of freezing (weapon)
 b - the +6 flail "Transmigrator" {antimagic, rF+ Will+ Dex-2}
   (You found it on level 7 of the Dungeon)

   Dex:       It affects your dexterity (-2).
   rF:        It protects you from fire.
   Will:      It increases your willpower.
 s - a +0 long sword
 E - a +0 dagger of venom
 F - a +2 executioner's axe of flaming
Missiles
 c - 8 curare-tipped darts
 m - 7 boomerangs
 q - 20 poisoned darts (quivered)
 C - 2 throwing nets
Armour
 k - a +1 scale mail
 t - a +0 helmet (worn)
 u - a +0 pair of gloves (worn)
 A - a +0 kite shield (worn)
 B - a +0 chain mail (worn)
 D - a +0 cloak (worn)
Jewellery
 j - a +4 ring of protection (left hand)
 o - an amulet of magic regeneration
 y - a +6 ring of intelligence
 G - a ring of flight
Wands
 g - a wand of polymorph (6)
 w - a wand of flame (14)
Scrolls
 d - 5 scrolls of fog
 e - 2 scrolls of vulnerability
 n - 6 scrolls of teleportation
 r - 2 scrolls of butterflies
 x - 3 scrolls of enchant weapon
 z - 2 scrolls of amnesia
Potions
 f - 2 potions of brilliance
 h - 2 potions of cancellation
 i - a potion of flight
 l - 2 potions of heal wounds
 p - 4 potions of attraction
 v - 2 potions of curing


   Skills:
 + Level 8.1 Fighting
 * Level 8.4 Long Blades
 + Level 4.3 Throwing
 + Level 6.2 Armour
 + Level 8.2 Dodging
 - Level 4.0 Stealth
 + Level 4.7 Shields
 * Level 8.5 Invocations
 * Level 4.7 Evocations


You had 10 spell levels left.
You didn't know any spells.
Your spell library was empty.

Dungeon Overview and Level Annotations

Branches:
Dungeon (11/15) Zot: 2421  Temple (1/1) D:4 Zot: 523  Bailey (visited)
   Lair: D:8-11         Orc: D:9-12

Altars:
Ashenzari
Cheibriados
Dithmenos
Elyvilon
Fedhas
Gozag
Hepliaklqana
Kikubaaqudgha
Makhleb
Nemelex Xobeh
Okawaru
Qazlal
Sif Muna
Trog
Uskayaw
Vehumet
Wu Jian
Xom
Yredelemnul
Zin
The Shining One

Shops:
D:1 =   D:3 (


Innate Abilities, Weirdness & Mutations

You passively map the area around you.
You are easily found by Zot.
You glow in the dark.
You regain HP and MP as you explore.


Message History

The kobold attacks as you move away! The kobold closely misses you.
The kobold demonologist hits you but does no damage.
You block the soul eater's attack. You block the sun demon's attack.
You hit the kobold demonologist. You freeze the kobold demonologist.
The kobold demonologist is heavily wounded.
The kobold demonologist begins to cast a cantrip, but forgets the words!
The soul eater draws from the surrounding life force!
You block the rust devil's attack. You block the sun demon's attack.
You hit the kobold demonologist. You freeze the kobold demonologist.
The kobold demonologist is heavily wounded.
The rust devil closely misses you. The soul eater misses you.
The sun demon misses you.
You hit the kobold. You freeze the kobold.
You kill the kobold!
You feel like a meek peon again.
You block the kobold demonologist's attack.
You block the rust devil's attack. The soul eater hits you.
The sun demon hits you.
You are engulfed in flames!
You hit the kobold demonologist. You freeze the kobold demonologist.
The kobold demonologist is severely wounded.
The kobold demonologist mumbles some strange words.
The sun demon hits you but does no damage.
The soul eater hits you!
* * * LOW HITPOINT WARNING * * *
You block the rust devil's attack.
You hit the kobold demonologist but do no damage.
The kobold demonologist is severely wounded.
The soul eater disappears in a puff of smoke!
The sun demon hits you.
* * * LOW HITPOINT WARNING * * *
You are engulfed in flames!
* * * LOW HITPOINT WARNING * * *
You block the kobold demonologist's attack.
The rust devil hits you.
* * * LOW HITPOINT WARNING * * *
The rust devil corrodes you!
The crimson imp blinks!
You barely miss the kobold demonologist.
The kobold demonologist is severely wounded.
The sun demon hits you!!
You die...

...........#######
#####............#
..^..............#
.................######## *
...[.............+...5... * *
.................#.......
..[[.............#.......
.....###+#.####..5.(.....,,,,
.....# #.# #K@4....... ,,
.....+ ,#.#**#)53....... ,
.....# , +.ยง)....... ,
###..# , *#.......... ,, * #
#...# *#.......... , , #
##.##, ,........... # ,## ,
,......###### * #** * ,
........, * # *** ,.........


You could see a sun demon (summoned), a rust devil (summoned), a kobold
demonologist, an iron imp (summoned), a crimson imp (summoned) and a shadow imp
(summoned).

Vanquished Creatures
  A two-headed ogre (D:10)
  An elephant (Bailey)
  A kobold demonologist (D:10)
  A troll (D:9)
  Sigmund (D:2)
  A shadow (D:10)
  A wraith (D:10)
  A wyvern (D:9)
  3 yaks (D:8)
  A hog (D:10)
  A water moccasin (D:5)
  2 black bears (D:5)
  10 orc warriors
  A sky beast (D:7)
  2 ice beasts
  2 ogres
  2 phantoms (D:5)
  3 centaurs
  2 kobold brigands
  A necrophage (D:5)
  4 bullfrogs
  3 wights (D:9)
  11 killer bees (D:9)
  A howler monkey (D:5)
  An orc priest (D:3)
  A jelly (D:5)
  3 gnoll boudas
  Natasha (D:2)
  3 iguanas
  An orc wizard (D:10)
  10 gnolls
  17 adders
  A white imp (D:6)
  2 worms (D:3)
  4 dart slugs
  16 orcs
  8 bats
  2 bat zombies (D:5)
  4 endoplasms
  2 giant cockroaches (D:3)
  5 hobgoblins
  3 jackals (D:3)
  13 kobolds
  2 quokkas
  7 ball pythons
  3 frilled lizards
  7 goblins
  2 rats
  A rat zombie (D:5)
176 creatures vanquished.

Vanquished Creatures (others)
  2 fungi (D:6)
  2 plants (D:1)
4 creatures vanquished.

Grand Total: 180 creatures vanquished

Notes
Turn   | Place    | Note
-------+----------+-------------------------------------------
     0 | D:1      | tilp the Meteoran Fighter began the quest for the Orb.
     0 | D:1      | Reached XP level 1. HP: 19/19 MP: 2/2
   243 | D:1      | Found Naemoyx's Jewellery Shop.
   255 | D:1      | Reached XP level 2. HP: 20/26 MP: 3/3
   294 | D:1      | Reached skill level 1 in Dodging
   468 | D:2      | Noticed Sigmund
   475 | D:2      | Killed Sigmund
   476 | D:2      | Reached skill level 1 in Stealth
   476 | D:2      | Reached XP level 3. HP: 30/33 MP: 4/4
   476 | D:2      | Reached XP level 4. HP: 36/40 MP: 5/5
   476 | D:2      | Reached XP level 5. HP: 41/46 MP: 6/6
   476 | D:2      | Reached XP level 6. HP: 47/52 MP: 7/7
   771 | D:3      | Found Neseag's Weapon Boutique.
   828 | D:3      | Reached skill level 1 in Throwing
   964 | D:2      | Found a faded altar of an unknown god.
   965 | D:2      | Noticed Natasha
  1065 | D:3      | Reached XP level 7. HP: 59/59 MP: 8/8
  1098 | D:2      | Killed Natasha
  1229 | D:4      | Found a staircase to the Ecumenical Temple.
  1255 | Temple   | Entered the Ecumenical Temple
  1346 | D:4      | Reached skill level 1 in Evocations
  1486 | D:5      | Entered Level 5 of the Dungeon
  1605 | D:4      | Noticed Blork the orc
  1608 | D:4      | Blork the orc changed into Blork the kobold
  1608 | D:4      | Noticed Blork
  1611 | D:4      | Killed Blork the kobold
  1751 | D:5      | Reached XP level 8. HP: 33/67 MP: 9/9
  1776 | D:5      | HP: 3/67 [ogre/+0 giant spiked club (15)]
  1780 | D:5      | Reached skill level 5 in Fighting
  1990 | D:6      | Found a blossoming altar of Fedhas.
  2071 | D:5      | Reached skill level 5 in Long Blades
  2107 | D:5      | Reached skill level 5 in Armour
  2116 | D:5      | Reached skill level 5 in Dodging
  2116 | D:5      | Gained mutation: You passively map the area around you.
                  | [Meteoran growth]
  2116 | D:5      | Reached XP level 9. HP: 73/75 MP: 10/10
  2164 | D:5      | Found an ancient bone altar of Kikubaaqudgha.
  2647 | D:7      | Identified the +6 flail "Transmigrator" {antimagic, rF+
                  | Will+ Dex-2}
  2718 | D:6      | Found a shimmering blue altar of Sif Muna.
  2730 | D:6      | Found a basalt altar of Yredelemnul.
  2769 | D:6      | Found an iron altar of Okawaru.
  2775 | D:6      | Became a worshipper of Warmaster Okawaru
  2935 | D:8      | Reached * piety under Okawaru
  3011 | D:8      | Reached XP level 10. HP: 48/86 MP: 11/11
  3077 | D:9      | Reached skill level 1 in Invocations
  3174 | D:9      | Reached ** piety under Okawaru
  3202 | D:9      | Found a flagged portal.
  3241 | Bailey   | Entered a bailey
  3284 | Bailey   | Reached skill level 5 in Invocations
  3539 | Bailey   | Noticed an orc knight
  3542 | Bailey   | an orc knight changed into an elephant
  3542 | Bailey   | Noticed an elephant
  3562 | Bailey   | Killed an elephant
  3912 | D:9      | Reached XP level 11. HP: 86/94 MP: 14/17
  3965 | D:10     | Entered Level 10 of the Dungeon
  4180 | D:1      | Bought a ring of flight for 192 gold pieces
  4444 | D:10     | Noticed Sonja
  4456 | D:10     | Sonja changed into Sonja the hog
  4456 | D:10     | Noticed Sonja
  4465 | D:10     | Killed Sonja the hog
  4554 | D:10     | Noticed a two-headed ogre
  4563 | D:10     | Killed a two-headed ogre
  4567 | D:10     | Noticed a rust devil
  4571 | D:10     | Noticed a soul eater
  4574 | D:10     | Noticed a sun demon
  4575 | D:10     | Noticed a rust devil
  4588 | D:10     | Mangled by a sun demon

Illustrated notes

Levels and vault maps discovered:
D:1:      roderic_crop_circles_arrival_small, layout_basic, serial_shops, shop,
          minmay_tromino_v4_c
D:2:      layout_basic, nicolae_ecumenical_snake_handling, uniq_sigmund,
          uniq_natasha
D:3:      layout_basic, serial_shops, nicolae_shop_bloodbath_and_beyond,
          minmay_diced_spiral
D:4:      layout_rooms, minmay_temple_entry_mini_moons, uniq_blork_the_orc
D:5:      layout_loops_ring, lemuel_zombie_altar_kikubaaqudgha
D:6:      layout_loops_ring, nicolae_overflow_quartered_altars, fedhas_altar_3,
          minivault_5
D:7:      layout_loops_corners, uniq_menkaure, uniq_crazy_yiuf_cottage
D:8:      layout_cave_pools
D:9:      layout_basic, enter_bailey_5, nicolae_concentric_dashed_squares_wild,
          uniq_joseph
D:10:     layout_basic, grunt_ogre_cave, uniq_sonja, uniq_maurice
D:11:     layout_basic, minmay_lair_entry_grove, orc_0_dummy,
          gammafunk_ghost_spectres
Temple:   compressed_dpeg_triangle_lava_temple

Skill      XL: |  1  2  3  4  5  6  7  8  9 10 11 |
---------------+----------------------------------+-----
Dodging        | 3 4 5 6 7 8 |  8.2
Fighting       | 4 5 7 8 |  8.1
Long Blades    | 3 4 5 6 7 8 |  8.4
Armour         | 4 5 6 |  6.2
Stealth        | 1 2 3 4 |  4.0
Shields        | 4 |  4.7
Throwing       | 2 3 4 |  4.3
Evocations     | 1 2 4 |  4.7
Invocations    | 7 8 |  8.5

Action                   |  1- 3 |  4- 6 |  7- 9 | 10-12 || total
-------------------------+-------+-------+-------+-------++-------
Melee: Long sword        |    41 |   143 |       |       ||   184
       Falchion          |       |     2 |   261 |   336 ||   599
Throw: Dart              |       |       |     3 |     2 ||     5
Invok: Heroism           |       |       |       |    12 ||    12
Evoke: Wand              |       |       |     1 |     5 ||     6
  Use: Scroll            |     4 |     1 |    10 |     4 ||    19
       Potion            |     1 |       |     1 |     2 ||     4
Armor: Scale mail        |    20 |   111 |    99 |       ||   230
       Chain mail        |       |       |     5 |   144 ||   149
Dodge: Dodged            |    14 |   103 |    92 |   128 ||   337
Block: Buckler           |     6 |    54 |    61 |       ||   121
       Kite shield       |       |       |     9 |   248 ||   257

Table legend: (Time is in decaauts)
 A = Elapsed time spent in this place.
 B = Non-inter-level travel time spent in this place.
 C = Inter-level travel time spent in this place.
 D = Time resting spent in this place.
 E = Time spent auto-exploring this place.
 F = Levels seen in this place.
 G = Mean time per level.
                   A        B        C        D        E       F      G
               +--------+--------+--------+--------+--------+-----+--------+
         Total |   4701 |   3693 |   1008 |    103 |      0 |  13 |  361.6 |
       Dungeon |   4177 |   3175 |   1002 |      0 |      0 |  11 |  379.7 |
        Temple |     76 |     70 |      6 |      0 |      0 |   1 |   76.0 |
        Bailey |    446 |    446 |      0 |    103 |      0 |   1 |  446.0 |
               +--------+--------+--------+--------+--------+-----+--------+

Top non-repeatable levels by time:
     D:3: 736 daAuts
     D:5: 592 daAuts
     D:6: 537 daAuts
     D:1: 532 daAuts
  Bailey: 446 daAuts
     D:8: 390 daAuts
     D:4: 342 daAuts
     D:9: 326 daAuts
    D:10: 309 daAuts
     D:2: 248 daAuts
     D:7: 146 daAuts
  Temple: 76 daAuts
    D:11: 16 daAuts
